 Dungeon Crawl Stone Soup version 0.30-b1-2-g02819fbbbe (webtiles) character file.

Game seed: 4171176573940840024

196 Flugkiller the Magician (level 5, 0/55 HPs)
             Began as a Vampire Hedge Wizard on May 15, 2023.
             Succumbed to a water moccasin's poison
             ... on level 4 of the Dungeon.
             The game lasted 00:11:53 (2106 turns).

Flugkiller the Magician (Vampire Hedge Wizard)      Turns: 2106, Time: 00:11:54

Health: 0/55       AC: 26    Str:  9    XL:     5   Next: 46%
Magic:  3/10       EV:  2    Int: 16    God:
Gold:   109        SH:  0    Dex: 16    Spells: 8/11 levels left

rFire   . . .        a - +0 dagger
rCold   . . .        (no shield)
rNeg    . . .        b - melded +0 robe
rPois   +            c - melded +0 hat
rElec   .            m - melded +0 cloak
rCorr   .            (gloves currently unavailable)
SInv    +            (boots currently unavailable)
Will    .....        (no amulet)
Stlth   ++           p - +4 ring of protection
HPRegen 0.49/turn    v - +5 ring of evasion
MPRegen 0.12/turn

%: no passive effects
@: mighty, lethally poisoned (0 -> -3), tree-form, healing quickly, hasted,
invisible, very quick
A: stationary, stasis, torment immunity, boosted hp, alive, (fangs 3), see
invisible, vampiric 2
a: Exsanguinate


You were on level 4 of the Dungeon.
You were a tree.
You visited 1 branch of the dungeon, and saw 4 of its levels.

You collected 109 gold pieces.

Inventory:

Hand Weapons
 a - a +0 dagger (weapon)
Missiles
 k - a throwing net
Armour
 b - a +0 robe (melded)
 c - a +0 hat (melded)
 m - a +0 cloak (melded)
   (You found it on level 2 of the Dungeon)
Jewellery
 p - a +4 ring of protection (left branch)
   (You found it on level 3 of the Dungeon)
 v - a +5 ring of evasion (right branch)
   (You took it off a kobold on level 2 of the Dungeon)
Wands
 g - a wand of light (9)
   (You took it off Terence on level 3 of the Dungeon)
 n - a wand of paralysis (5)
   (You found it on level 3 of the Dungeon)
Scrolls
 f - a scroll of summoning
 i - a scroll of immolation {unknown}
 j - a scroll of torment {unknown}
 l - a scroll of enchant armour {unknown}
 s - a scroll of vulnerability {unknown}
 t - a scroll of teleportation
 u - a scroll of noise {unknown}
 w - a scroll of blinking {unknown}
Potions
 d - a potion of might
 e - a potion of magic
 h - a potion of haste


   Skills:
 - Level 1.0 Fighting
 - Level 2.1 Dodging
 - Level 3.0 Stealth
 + Level 3.7 Spellcasting
 - Level 1.5 Conjurations
 - Level 1.3 Summonings
 - Level 0.7 Translocations
 + Level 2.0 Air Magic
 + Level 1.9 Poison Magic
 * Level 1.5 Evocations


You had 8 spell levels left.
You knew the following spells:

 Your Spells              Type           Power      Damage    Failure   Level
a - Magic Dart            Conj           28%        1d4       10%         1
b - Poisonous Vapours     Pois/Air       18%        N/A       12%         2

Your spell library contained the following spells:

 Spells                   Type           Power      Damage    Failure   Level
 Sting                    Tmut/Pois      24%        1d4       12%         1
 Foxfire                  Conj/Fire      20%        2x1d5     13%         1
 Call Imp                 Summ           14%        N/A       16%         2
 Cigotuvi's Dreadful Rot  Necr/Pois/Air  14%        N/A       16%         2
 Slow                     Hex            12%        N/A       17%         1
 Blink                    Tloc           10%        N/A       19%         2
 Mephitic Cloud           Conj/Pois/Air  8%         N/A       24%         3
 Olgreb's Toxic Radiance  Pois           9%         N/A       61%         4
 Manifold Assault         Tloc           5%         N/A       77%         4
 Freezing Cloud           Conj/Ice/Air   3%         6-21      96%         5
 Fireball                 Conj/Fire      2%         3d4       98%         5
 Plasma Beam              Fire/Air       3%         2x1d14    100%        6
 Starburst                Conj/Fire      2%         6d3       100%        6
 Malign Gateway           Summ/Tloc      3%         N/A       100%        7
 Ozocubu's Refrigeration  Ice            1%         4d7       100%        7


Dungeon Overview and Level Annotations

Branches:
Dungeon (4/15) Zot: 21893
 Temple: D:4-7

Altars:
Uskayaw

Shops:
D:2 :


Innate Abilities, Weirdness & Mutations

You are a tree.
Your roots penetrate the ground, keeping you stationary.
You cannot be teleported.
You are immune to unholy pain and torment.
Your maximum health is greatly increased.
Your equipment is partially melded.
Your natural rate of healing is accelerated.
((You have razor-sharp teeth.))
You have supernaturally acute eyesight. (SInv)
You are afflicted with vampirism and can become a bat while bloodless.


Message History

You destroy the sleepcap!
Your Air Magic skill increases to level 2!
Unknown command.
Your magical contamination has completely faded away. 2 gnolls come into view.
A gnoll comes into view. It is wielding a +0 club.
Found 9 gold pieces.
Casting: Magic Dart (safe; 10% risk of failure)
Confirm with . or Enter, or press ? or * to list all spells.
Aiming: Poisonous Vapours (safe; 12% risk of failure)
Press: ? - help, Dir - move target, f - gnoll
Aim: a gnoll, wielding a +0 spear (asleep) Poisonous vapours surround the gnoll!
The gnoll is poisoned.
The gnoll shouts! x2; You hear a shout! x3
A gnoll comes into view. It is wielding a +0 spear.
An orc comes into view. It is wielding a +0 hand axe.
Casting: Poisonous Vapours (safe; 12% risk of failure)
Confirm with . or Enter, or press ? or * to list all spells.
Aiming: Poisonous Vapours (safe; 12% risk of failure)
Press: ? - help, Dir - move target, f - gnoll
Aim: a gnoll, wielding a +0 club Poisonous vapours surround the gnoll!
The gnoll is poisoned.
The gnoll looks more healthy.
Casting: Poisonous Vapours (safe; 12% risk of failure)
Confirm with . or Enter, or press ? or * to list all spells.
You don't have enough magic to cast this spell.
Unknown command.
There is a stone staircase leading down here.
Casting: Poisonous Vapours (safe; 12% risk of failure)
Confirm with . or Enter, or press ? or * to list all spells.
Aiming: Poisonous Vapours (safe; 12% risk of failure)
Press: ? - help, Dir - move target, f/p - gnoll
Aim: a gnoll, wielding a +0 club (lightly wounded) Poisonous vapours surround the gnoll!
The gnoll is poisoned.
The gnoll looks more healthy.
The water moccasin hisses angrily.
The water moccasin completely misses you.
The water moccasin closely misses you.
Aiming: Paralyse
Press: ? - help, Shift-Dir - straight line, f/p - gnoll
Aim: a gnoll, wielding a +0 club (heavily wounded, chance to affect: 62%)
Okay, then.
Unknown command.
Aiming: Bolt of Light
Press: ? - help, Shift-Dir - straight line, f/p - gnoll
Aim: a gnoll, wielding a +0 club (heavily wounded, 75% to hit)
The bolt of light hits the water moccasin!
The water moccasin is severely wounded.
The water moccasin is blinded.
The bolt of light hits the gnoll!
You kill the gnoll!
You hear a shout!
The water moccasin bites you but does no damage.
You closely miss the water moccasin. Your bite misses the water moccasin.
The water moccasin is severely wounded.
The water moccasin bites you!
You are poisoned.
The water moccasin poisons you!
You hit the water moccasin.
The water moccasin is severely wounded.
You feel very sick.
The water moccasin completely misses you.
The water moccasin bites you.
You hit the water moccasin.
The water moccasin is almost dead.
You feel very sick. The water moccasin bites you!
* * * LOW HITPOINT WARNING * * *
It was a potion of haste.
You feel yourself speed up.
h - a potion of haste;
u - a scroll labelled FEOTITS JIYTU
* * * LOW HITPOINT WARNING * * *
You feel very sick.
The water moccasin bites you but does no damage.
The water moccasin closely misses you.
It was a potion of might.
You feel very mighty all of a sudden.
d - a potion of might;
e - a potion of magic You feel sick.
The water moccasin bites you.
* * * LOW HITPOINT WARNING * * *
Unknown command.
Unknown command.
Unknown command.
It was a potion of lignification.
You turn into a tree.
Your +0 cloak melds into your body.
Your +0 hat melds into your body.
Your +0 robe melds into your body.
Your roots penetrate the ground.
* * * LOW HITPOINT WARNING * * *
You feel sick.
Unknown command.
Unknown command.
It was a potion of invisibility.
You fade into invisibility!
* * * LOW HITPOINT WARNING * * *
You feel sick.
The water moccasin bites you but does no damage.
Unknown command.
Aiming: Bolt of Light
Press: ? - help, Shift-Dir - straight line, f - water moccasin
Aim: a water moccasin (almost dead, blind, 53% to hit)
The bolt of light hits the water moccasin!!
You kill the water moccasin!
You die...

#####..##.# #..##.#
#..##.# #..##.##
#..#...##
#.......###
#.##......#
#.###.###.# #)# #♣#
#.# #.###.###.## #
#...#......#.#
###.###).....####
#.# #..........
######.###......###.
#......g......#.....
#.####.########.####
#.# #.# .#


There were no monsters in sight!

Vanquished Creatures
  A water moccasin (D:4)
  A hound (D:3)
  A sleepcap (D:4)
  Terence (D:3)
  A gnoll (D:4)
  3 adders
  An ufetubus (D:4)
  2 worms (D:2)
  5 orcs (D:3)
  5 endoplasms
  6 giant cockroaches
  3 goblins
  5 hobgoblins
  3 quokkas
  5 ball pythons
  6 bats
  2 frilled lizards (D:2)
  5 kobolds
  3 rats
59 creatures vanquished.

Notes
Turn   | Place    | Note
-------+----------+-------------------------------------------
     0 | D:1      | Flugkiller the Vampire Hedge Wizard began the quest for the
                  | Orb.
     0 | D:1      | Reached XP level 1. HP: 13/13 MP: 4/4
    45 | D:1      | Got the Precepts of the Frosty Blink Frog
    59 | D:1      | Reached skill level 1 in Conjurations
   131 | D:1      | Reached XP level 2. HP: 13/20 MP: 1/6
   219 | D:1      | Learned a level 2 spell: Poisonous Vapours
   692 | D:1      | Reached skill level 1 in Fighting
   692 | D:1      | Gained mutation: You are afflicted with vampirism and can
                  | become a bat while bloodless. [Vampire growth]
   692 | D:1      | Reached XP level 3. HP: 8/26 MP: 2/7
   846 | D:2      | Found Nyegg's Vocational Training.
   864 | D:2      | Reached skill level 1 in Air Magic
   914 | D:2      | Reached skill level 1 in Poison Magic
   996 | D:2      | Reached XP level 4. HP: 29/32 MP: 0/9
  1194 | D:3      | Found a hide-covered altar of Uskayaw.
  1533 | D:3      | Noticed Terence
  1585 | D:3      | Killed Terence
  1594 | D:3      | Reached skill level 1 in Evocations
  1594 | D:3      | Reached XP level 5. HP: 25/37 MP: 5/10
  1945 | D:4      | Noticed a water moccasin
  2103 | D:4      | HP: 1/37 [water moccasin (5)]
  2106 | D:4      | Killed a water moccasin
  2106 | D:4      | Succumbed to a water moccasin's poison

Illustrated notes

Levels and vault maps discovered:
D:1:      saegor_arrival_simple_b, layout_basic
D:2:      layout_rooms, nicolae_shop_vocational
D:3:      layout_loops_ring, nicolae_uskayaw_murder_on_the_dancefloor,
          corexii_item_surrounded_by_moat, kennysheep_generic_room_4,
          uniq_terence, uniq_crazy_yiuf_cottage
D:4:      layout_loops_ring

Skill      XL: |  1  2  3  4  5 |
---------------+----------------+-----
Conjurations   | 1 |  1.5
Fighting       | 1 |  1.0
Air Magic      | 1 2 |  2.0
Poison Magic   | 1 |  1.9
Evocations     | 1 |  1.5
Dodging        | |  2.1
Stealth        | |  3.0
Spellcasting   | |  3.7
Summonings     | |  1.3
Translocations | |  0.7

Action                     |  1- 3 |  4- 6 || total
---------------------------+-------+-------++-------
  Melee: Dagger            |    91 |    71 ||   162
         Bite              |    10 |    11 ||    21
         Punch             |       |     4 ||     4
   Cast: Magic Dart        |    55 |    24 ||    79
         Poisonous Vapours |     6 |    18 ||    24
  Evoke: Wand              |       |     4 ||     4
    Use: Scroll            |       |     5 ||     5
         Potion            |       |     5 ||     5
   Stab: Sleeping          |     2 |     1 ||     3
         Paralysed         |       |     2 ||     2
 Armour: Robe              |    29 |    25 ||    54
         Skin              |       |     1 ||     1
  Dodge: Dodged            |    83 |    88 ||   171
